 Dungeon Crawl Stone Soup version 0.22-a0-587-g7d32d7c7ae (webtiles) character file.

6262 Hibernaculum the Grappler (level 10, -1/76 (77) HPs)
             Began as a Ghoul Monk on July 4, 2018.
             Was a Priest of Ru.
             Slain by a wraith (7 damage)
             ... led by Josephine
             ... on level 9 of the Dungeon.
             The game lasted 00:17:39 (9528 turns).

Hibernaculum the Grappler (Ghoul Monk)              Turns: 9528, Time: 00:17:39

HP:   -1/76 (77)    AC: 15    Str: 19    XL:     10   Next: 93%
MP:   9/9           EV:  9    Int:  5    God:    Ru [***...]
Gold: 479           SH:  0    Dex: 11    Spells: 9/9 levels left

rFire    x . .     SeeInvis .     - Unarmed
rCold    + + +     Gourm    .   (no shield)
rNeg     + + +     Faith    .   C - +2 chain mail {rC+}
rPois    ∞         Spirit   .   o - +1 helmet
rElec    .         Reflect  .   r - scarf {repulsion}
rCorr    .         Harm     .   (no gloves)
MR       .....                  (no boots)
Stlth    ..........             j - amulet of the acrobat
HPRegen  0.00/turn              a - ring of ice
MPRegen  0.11/turn              (no ring)

@: rotting, slowed, repel missiles, very slow
A: rotting body, claws 1, carnivore, cold resistance 1, negative energy
resistance 3, inhibited regeneration, torment resistance, unbreathing, inability
to use devices, no poison magic, no summoning magic, no transmutations magic
a: Draw Out Power, Renounce Religion


You were on level 9 of the Dungeon.
You worshipped Ru.
Ru was most pleased with you.
You were not hungry.

You visited 2 branches of the dungeon, and saw 11 of its levels.

You collected 479 gold pieces.

Inventory:

Armour
 l - a +0 plate armour
 o - a +1 helmet (worn)
 r - a scarf of repulsion (worn)
 C - a +2 chain mail of cold resistance (worn)
Jewellery
 a - a ring of ice (left claw)
 j - an amulet of the acrobat (around neck)
Scrolls
 c - 6 scrolls of teleportation
 d - 2 scrolls of amnesia
 f - 3 scrolls of enchant armour
 h - 4 scrolls of remove curse
 m - a scroll of noise {unknown}
 p - 3 scrolls of fear
 q - 6 scrolls of identify
 x - a scroll of summoning {unknown}
 y - a scroll of blinking {unknown}
Potions
 e - a potion of flight
 g - 3 potions of magic {unknown}
 i - 2 potions of berserk rage {unknown}
 k - 6 potions of curing
 n - a potion of degeneration {unknown}
 s - 2 potions of brilliance
 t - 3 potions of heal wounds
 u - 3 potions of haste
 w - a potion of cancellation
 A - a potion of mutation {unknown}
Comestibles
 b - 21 rations


   Skills:
 - Level 3.2 Fighting
 + Level 8.8 Armour
 - Level 2.6 Dodging
 - Level 2.1 Stealth
 - Level 14.0 Unarmed Combat


You had 9 spell levels left.
You didn't know any spells.
Your spell library contained the following spells:

 Spells                   Type           Power        Failure   Level  Hunger
 Magic Dart               Conj           #...         99%         1    ##.....
 Iskenderun's Mystic Bla  Conj           #.......     100%        4    #####..
 Spider Form              Tmut/Pois      #.........   100%        3    ####...
 Blade Hands              Tmut           #.........   100%        5    ######.
 Ice Form                 Ice/Tmut       #.......     100%        4    #####..
 Sticks to Snakes         Tmut           #.......     100%        2    ###....
 Beastly Appendage        Tmut           #.....       99%         1    ##.....
 Fulminant Prism          Conj/Hex       #.........   100%        4    #####..
 Dazzling Spray           Conj/Hex       #.....       100%        3    ####...
 Force Lance              Conj/Tloc      #.......     100%        4    #####..
 Searing Ray              Conj           #.....       100%        2    ###....


Dungeon Overview and Level Annotations

Branches:
Dungeon (10/15)            Temple (1/1) D:6
   Lair: D:8-11         Orc: D:9-12

Altars:
Ashenzari
Cheibriados
Dithmenos
Elyvilon
Fedhas
Gozag
Hepliaklqana
Kikubaaqudgha
Makhleb
Nemelex Xobeh
Okawaru
Qazlal
Ru
Sif Muna
Trog
Uskayaw
Vehumet
Wu Jian
Xom
Yredelemnul
Zin
The Shining One

Shops:
D:6 *

Portals:
Bailey: D:10

Annotations:
D:5 exclusion: 2 downstairs
D:9 Josephine


Innate Abilities, Weirdness & Mutations

Your body is rotting away.
You thrive on raw meat.
You are immune to poison.
You have sharp fingernails.
You are carnivorous and can eat meat at any time.
Your flesh is cold resistant. (rC+)
You are immune to negative energy. (rN+++)
You do not regenerate when monsters are visible.
You are immune to unholy pain and torment.
You can survive without breathing.
You cannot study or use magical devices.
You cannot study or cast Poison magic.
You cannot study or cast Summoning magic.
You cannot study or cast Transmutations magic.


Message History

Josephine misses you. The wraith hits you but does no damage.
The wraith barely misses you. The wraith hits you!
Josephine hits you with a dagger. The wraith closely misses you.
You closely miss Josephine.
Josephine is almost dead.
Josephine hits you but does no damage. The wraith hits you but does no damage.
The wraith hits you! x2; The wraith drains your vigour!
You feel as though you will be slow longer.
Josephine screams, "I'll use your head as a decoration in my hut!"
Josephine hits you but does no damage. The wraith hits you but does no damage.
You barely miss Josephine.
Josephine is almost dead.
The wraith closely misses you.
Josephine gestures at you while chanting.
You convulse!
* * * LOW HITPOINT WARNING * * *
You redirect the wraith's attack!
The wraith barely misses itself.
The wraith hits you but does no damage. The wraith hits you!
You die...

.#.#.# #####.### #..### #.#
...#.# #.# #....# #.# #.##.#
##'## #.##.# #(# #.##.# ##...##
#.##.# #.# .....# ##.....##
#.##.###.# #.##.### ##.......##
##........#
.......###.........###.....###.#
.........'.......@.'.......# #<#
#.#....###......@W.#.......# #.#
#..#.#.# ##....W.W##/......# #.#
##.###.# ##.....###.......# #.#
##.# #.# ##...## ###...#####.#
##.###.# ##'## #.........#
.......# #.# ##.########
##.###########.### #.# #.#
#........# #.# #.######.###....#
#.#


You could see Josephine and 3 wraiths.

Vanquished Creatures
  A two-headed ogre (D:8)
  Pikel (D:9)
  Maurice (D:9)
  A kobold demonologist (D:8)
  2 trolls
  A hornet (D:8)
  A hippogriff (D:8)
  2 orc warriors
  2 slaves (D:9)
  2 ice beasts
  A sky beast (D:9)
  2 black bears
  3 ogres
  A wolf (D:7)
  2 centaurs (D:8)
  A big kobold (D:8)
  4 bullfrogs
  3 scorpions
  A hornet simulacrum (D:8)
  5 killer bees (D:8)
  6 howler monkeys
  5 wights (D:7)
  2 electric eels (D:8)
  A centaur zombie (D:7)
  2 crimson imps
  3 jellies
  2 hounds
  3 orc priests
  A centaur skeleton (D:8)
  A gnoll shaman (D:4)
  Natasha (thrice) (D:4)
  4 iguanas
  10 orc wizards
  8 worker ants
  2 centaur simulacra (D:8)
  A bullfrog simulacrum (D:8)
  2 hound skeletons
  A hound zombie (D:8)
  A howler monkey skeleton (D:4)
  Robin (D:2)
  8 gnolls
  4 adders
  2 shadow imps
  A worker ant simulacrum (D:8)
  An ufetubus (D:8)
  An ooze (D:1)
  2 adder zombies
  An adder skeleton (D:5)
  A dart slug (D:1)
  3 worms
  4 leopard geckos
  23 orcs
  A bat zombie (D:6)
  8 giant cockroaches
  13 goblins
  11 hobgoblins
  14 jackals
  6 quokkas
  2 ball pythons
  5 bats
  4 frilled lizards
  A jackal skeleton (D:7)
  12 kobolds
  9 rats
  A rat zombie (D:6)
234 creatures vanquished.

Vanquished Creatures (others)
  A howler monkey (D:8)
1 creature vanquished.

Grand Total: 235 creatures vanquished

Notes
Turn   | Place    | Note
-------+----------+-------------------------------------------
     0 | D:1      | Hibernaculum the Ghoul Monk began the quest for the Orb.
     0 | D:1      | Reached XP level 1. HP: 19/19 MP: 0/0
    43 | D:1      | Reached XP level 2. HP: 18/26 MP: 1/1
    86 | D:1      | Reached skill level 4 in Unarmed Combat
   154 | D:1      | Found an iron altar of Okawaru.
   487 | D:1      | Reached XP level 3. HP: 31/31 MP: 2/2
  1039 | D:2      | Reached skill level 5 in Unarmed Combat
  1175 | D:2      | Found a sparkling altar of Nemelex Xobeh.
  1254 | D:2      | Reached XP level 4. HP: 38/38 MP: 3/3
  1400 | D:2      | Noticed Robin
  1419 | D:2      | Killed Robin
  1675 | D:2      | Found an ornate altar of the Wu Jian Council.
  2007 | D:3      | Reached skill level 6 in Unarmed Combat
  2082 | D:3      | Reached XP level 5. HP: 37/45 MP: 4/4
  2832 | D:4      | Noticed Natasha
  2836 | D:4      | Killed Natasha
  2836 | D:4      | Reached skill level 7 in Unarmed Combat
  2836 | D:4      | Reached XP level 6. HP: 51/51 MP: 5/5
  3057 | D:4      | Found a shadowy altar of Dithmenos.
  3057 | D:4      | Found a deep blue altar of Sif Muna.
  3153 | D:4      | Reached skill level 8 in Unarmed Combat
  3191 | D:4      | Reached XP level 7. HP: 51/57 MP: 6/6
  3292 | D:4      | Noticed Natasha
  3303 | D:4      | Killed Natasha
  3398 | D:4      | Reached skill level 9 in Unarmed Combat
  3573 | D:4      | Found a blossoming altar of Fedhas.
  3683 | D:5      | Entered Level 5 of the Dungeon
  3938 | D:4      | Noticed Natasha
  3941 | D:4      | Killed Natasha
  3996 | D:5      | Reached skill level 10 in Unarmed Combat
  3996 | D:5      | Reached XP level 8. HP: 54/63 MP: 7/7
  4258 | D:4      | Found a shadowy altar of Dithmenos.
  4258 | D:4      | Found a deep blue altar of Sif Muna.
  4472 | D:4      | Found a blossoming altar of Fedhas.
  4912 | D:6      | Found a staircase to the Ecumenical Temple.
  4921 | Temple   | Entered the Ecumenical Temple
  5015 | Temple   | Became a worshipper of Ru the Awakened
  5018 | Temple   | Gained mutation: You cannot study or cast Poison magic. [Ru sacrifice]
  5018 | Temple   | Gained mutation: You cannot study or cast Transmutations magic. [Ru sacrifice]
  5018 | Temple   | Gained mutation: You cannot study or cast Summoning magic. [Ru sacrifice]
  5018 | Temple   | Reached * piety under Ru
  5682 | D:6      | Noticed a troll
  5991 | D:7      | Reached skill level 11 in Unarmed Combat
  6382 | D:7      | Found a bloodstained altar of Trog.
  6384 | D:7      | Found a glowing silver altar of Zin.
  6384 | D:7      | Found a shimmering altar of Xom.
  6386 | D:7      | Found a snail-covered altar of Cheibriados.
  6386 | D:7      | Found a white marble altar of Elyvilon.
  6386 | D:7      | Found a bloodstained altar of Trog.
  6474 | D:7      | Got a spiked scale mail
  6485 | D:7      | Identified the +6 scale mail "Pampa" {*Corrode rC+ MP+9 Int+4} (You found it on level 7 of the Dungeon)
  6622 | D:8      | Reached skill level 12 in Unarmed Combat
  6636 | D:8      | Reached XP level 9. HP: 59/70 MP: 8/8
  6674 | D:8      | Found a white marble altar of Elyvilon.
  6858 | D:7      | Reached skill level 13 in Unarmed Combat
  7055 | D:8      | Gained mutation: You cannot study or use magical devices. [Ru sacrifice]
  7055 | D:8      | Reached ** piety under Ru
  7055 | D:8      | Reached *** piety under Ru
  7125 | D:8      | Noticed a kobold demonologist
  7126 | D:8      | Noticed a troll
  7141 | D:8      | Killed a troll
  7141 | D:8      | Reached skill level 14 in Unarmed Combat
  7156 | D:8      | Killed a kobold demonologist
  7204 | D:8      | Noticed a hornet
  7212 | D:8      | Killed a hornet
  7212 | D:8      | Reached XP level 10. HP: 73/77 MP: 9/9
  7214 | D:8      | Noticed a two-headed ogre
  7223 | D:8      | Killed a two-headed ogre
  7223 | D:8      | Reached skill level 5 in Armour
  7597 | D:8      | Found a bloodstained altar of Trog.
  8105 | D:6      | Found an opulent altar of Gozag.
  8108 | D:6      | Found Gozag's Platinum Reserve.
  8216 | D:6      | Found an ancient bone altar of Kikubaaqudgha.
  8573 | D:9      | Noticed Pikel
  8585 | D:9      | Killed Pikel
  8612 | D:9      | Noticed Maurice
  9158 | D:9      | Killed Maurice
  9344 | D:9      | Found a glowing silver altar of Zin.
  9518 | D:10     | Entered Level 10 of the Dungeon
  9518 | D:10     | Found a flagged portal.
  9518 | D:10     | Noticed Josephine
  9528 | D:9      | Slain by a wraith

Vault maps used:
D:1:      dpeg_arrival_court, minmay_misc_feat_iff, roderic_lattice_a,
          okawaru_ov_weapons_minmay
D:2:      minmay_door_path, overflow_temple_1_default,
          nemelex_xobeh_ov_fountains_minmay, uniq_robin
D:3:      lemuel_upstairs_altar, first_ration, skrybe_limestone_x
D:4:      gammafunk_temple_overflow_elements, fedhas_altar_fruit_tree,
          uniq_natasha
D:5:      kennysheep_another_room, minmay_misc_feat_tiny
D:6:      cheibrodos_quashed, nicolae_gozag_zags_fifth_avenue,
          lemuel_zombie_altar_kikubaaqudgha, minmay_temple_entry_large_hall
D:7:      doesnt_xom_only_xom
D:8:      kennysheep_windowed_halls, nicolae_overflow_hidden_temple, serial_ice,
          serial_ice_j, serial_ice_b, serial_ice_o, serial_ice_a
D:9:      kennysheep_mini_moat, uniq_pikel, uniq_maurice
D:10:     david_lair_generic, enter_bailey_3, grunt_tengu_nest,
          minmay_checkerbox, uniq_josephine
Temple:   nicolae_temple_great_sept

Skill      XL: |  1  2  3  4  5  6  7  8  9 10 |
---------------+-------------------------------+-----
Unarmed Combat | 4 5 6 7 8 10 12 14 | 14.0
Armour         | 3 8 |  8.8
Fighting       | |  3.2
Dodging        | |  2.6
Stealth        | |  2.1

Action                   |  1- 3 |  4- 6 |  7- 9 | 10-12 || total
-------------------------+-------+-------+-------+-------++-------
Melee: Unarmed           |   113 |   219 |   309 |   170 ||   811
       Punch             |     2 |     3 |    13 |     7 ||    25
Invok: Sacrifice Arcana  |       |       |     1 |       ||     1
       Sacrifice Artific |       |       |     1 |       ||     1
       Reject Sacrifices |       |       |       |     1 ||     1
  Use: Scroll            |       |    15 |     1 |       ||    16
 Stab: Sleeping          |     3 |     2 |       |       ||     5
       Invisible         |       |       |     1 |     2 ||     3
       Distracted        |       |       |       |     1 ||     1
  Eat: Chunk             |    17 |    22 |    40 |     9 ||    88
Armor: Robe              |    17 |     5 |       |       ||    22
       Leather armour    |       |     5 |       |       ||     5
       Scale mail        |       |    29 |    27 |       ||    56
       Chain mail        |       |       |   154 |    77 ||   231
Dodge: Dodged            |    62 |   101 |   163 |    63 ||   389
       Deflected         |       |       |     5 |     1 ||     6

Table legend:
 A = Spawn XP
 B = Non-spawn XP
 C = Spawn XP percentage of total XP
 D = Spawn monster count
 E = Non-spawn monster count
 F = Spawn count percentage of total count
 G = Total turns spent on level
                    A         B        C        D         E        F      G
               +---------+---------+-------+---------+---------+-------+---------
         Total |       0 |    8947 |   0.0 |       0 |     233 |   0.0 |  9528
               +---------+---------+-------+---------+---------+-------+---------
           D:1 |       0 |      40 |   0.0 |       0 |      21 |   0.0 |   827
           D:2 |       0 |     102 |   0.0 |       0 |      38 |   0.0 |  1172
           D:3 |       0 |      96 |   0.0 |       0 |      21 |   0.0 |   769
           D:4 |       0 |     720 |   0.0 |       0 |      32 |   0.0 |  1476
           D:5 |       0 |     260 |   0.0 |       0 |       7 |   0.0 |  1077
           D:6 |       0 |     729 |   0.0 |       0 |      12 |   0.0 |   788
           D:7 |       0 |    1126 |   0.0 |       0 |      23 |   0.0 |  1029
           D:8 |       0 |    3837 |   0.0 |       0 |      55 |   0.0 |  1201
           D:9 |       0 |    2037 |   0.0 |       0 |      24 |   0.0 |  1079
               +---------+---------+-------+---------+---------+-------+---------
